 Dungeon Crawl Stone Soup version 0.25-a0-523-g9afb2ee040 (webtiles) character file.

Game seed: 12579646081426989879, levelgen mode: classic

18 EnegeticOcto the Covered (level 2, 0/28 HPs)
             Began as a Deep Dwarf Fighter on Feb 18, 2020.
             Killed from afar by an orc wizard (2 damage)
             ... with a puff of flame
             ... on level 2 of the Dungeon.
             The game lasted 00:00:09 (203 turns).

EnegeticOcto the Covered (Deep Dwarf Fighter)        Turns: 203, Time: 00:00:10

Health: 0/28       AC:  6    Str: 19    XL:     2   Next: 48%
Magic:  2/2        EV:  7    Int:  8    God:
Gold:   0          SH:  9    Dex: 12    Spells: 1/1 levels left

rFire    . . .     SeeInvis .   a - +0 war axe
rCold    . . .     Gourm    .   c - +0 kite shield
rNeg     . . .     Faith    .   b - +0 scale mail
rPois    .         Spirit   .   (no helmet)
rElec    .         Reflect  .   (no cloak)
rCorr    .         Harm     .   (no gloves)
MR       .....                  (no boots)
Stlth    ..........             (no amulet)
HPRegen  0.00/turn              (no ring)
MPRegen  0.08/turn              (no ring)

@: non-regenerating
A: damage resistance, heal wounds, sense surroundings 1, no regeneration
a: Heal Wounds


You were on level 2 of the Dungeon.
You were not hungry.

You visited 1 branch of the dungeon, and saw 2 of its levels.

Inventory:

Hand Weapons
 a - a +0 war axe (weapon)
Armour
 b - a +0 scale mail (worn)
 c - a +0 kite shield (worn)
Scrolls
 f - a scroll of fog {unknown}
 h - a scroll of amnesia {unknown}
Potions
 g - a potion of curing {unknown}
 k - a potion of might {@q3}
Comestibles
 d - 3 chunks of flesh
 e - a ration


   Skills:
 * Level 3.0 Fighting
 * Level 2.6 Axes
 + Level 3.4 Armour
 + Level 0.6 Dodging
 + Level 3.4 Shields


You had one spell level left.
You didn't know any spells.
Your spell library was empty.

Dungeon Overview and Level Annotations

Branches:
Dungeon (2/15)

Altars:


Innate Abilities, Weirdness & Mutations

You are resistant to damage.
You can heal yourself by infusing magical energy.
You passively map a small area around you.
You do not regenerate.


Message History

You are too injured to fight recklessly!
You are too injured to fight recklessly!
You are too injured to fight recklessly!
You are too injured to fight recklessly!
You are too injured to fight recklessly!
You are too injured to fight recklessly!
You are too injured to fight recklessly!
You are too injured to fight recklessly!
You are too injured to fight recklessly!
You feel much better. You block the orc wizard's attack.
You hit the orc wizard.
The orc wizard is moderately wounded.
The orc wizard hits you with a +0 dagger. x2
The orc wizard gestures at you while chanting.
The magic dart hits you.
You barely miss the orc wizard.
The orc wizard is moderately wounded.
The orc wizard barely misses you. You block the orc wizard's attack.
You barely miss the orc wizard.
The orc wizard is moderately wounded.
The orc wizard hits you but does no damage.
The orc wizard hits you with a +0 dagger.
You closely miss the orc wizard.
The orc wizard is moderately wounded.
You block the orc wizard's attack.
The orc wizard hits you but does no damage.
You barely miss the orc wizard.
The orc wizard is moderately wounded.
You block the orc wizard's attack.
The orc wizard hits you but does no damage.
You closely miss the orc wizard.
The orc wizard is moderately wounded.
You block the orc wizard's attack.
The orc wizard hits you but does no damage.
The orc wizard barely misses you.
Your shield and scale mail prevent you from hitting the orc wizard.
The orc wizard is moderately wounded.
The orc wizard is no longer moving quickly.
The orc wizard gestures at you while chanting.
The magic dart hits you. You block the orc wizard's attack.
You barely miss the orc wizard.
The orc wizard is moderately wounded.
You block the orc wizard's attack.
You closely miss the orc wizard.
The orc wizard is moderately wounded.
The orc wizard hits you but does no damage. x2
You hit the orc wizard but do no damage.
The orc wizard is moderately wounded.
The orc wizard points at you and mumbles some strange words.
The magic dart hits you but does no damage.
You closely miss the orc wizard.
The orc wizard is moderately wounded.
The orc wizard points at you and mumbles some strange words.
The puff of flame hits you!
The orc wizard hits you with a +0 dagger.
You slash the orc wizard!
The orc wizard is almost dead.
You block the orc wizard's attack.
The orc wizard hits you but does no damage.
You barely miss the orc wizard.
The orc wizard is almost dead.
You block the orc wizard's attack.
You closely miss the orc wizard.
The orc wizard is almost dead.
The orc wizard hits you but does no damage. x2
Your shield and scale mail prevent you from hitting the orc wizard.
The orc wizard is severely wounded.
The orc wizard hits you but does no damage.
You hit the orc wizard but do no damage.
The orc wizard is severely wounded.
The orc wizard gestures wildly while chanting.
The orc wizard flickers and vanishes!
Deactivating autopickup; reactivate with Ctrl-A.
You barely miss something. You block something's attack.
You closely miss something. Something hits you.
You miss something. You block something's attack.
You hear some strange, mumbled words.
A puff of flame appears from out of thin air!
The puff of flame hits you!
* * * LOW HITPOINT WARNING * * *
You are too injured to fight recklessly!
You are too injured to fight recklessly!
You are too injured to fight recklessly!
You fail to use your ability.
Something hits you but does no damage.
You are too injured to fight recklessly!
You are too injured to fight recklessly!
You are too injured to fight recklessly!
You are too injured to fight recklessly!
You are too injured to fight recklessly!
You are too injured to fight recklessly!
You closely miss something. You block something's attack.
You closely miss something.
You hear some strange, mumbled words.
A magic dart appears from out of thin air!
The magic dart hits you.
* * * LOW HITPOINT WARNING * * *
You hear some strange, mumbled words.
A puff of flame appears from out of thin air!
The puff of flame hits you.
You die...

* * * , * ***
* , #. , ...
* * ,....
..... ,
#####o....# *
##
##..@{ol....,
, #..
.#.###r....#
#.##.#.#
....#
#....#.# ...#
#....#.# ...
#....#.# * ##
##[...#.# ,,
* #..<..#.# *
##.####.# * *
,


You could see 2 orcs, a leopard gecko and a rat.

Vanquished Creatures
  An adder (D:2)
  An orc (D:2)
  A ball python (D:2)
  2 goblins (D:1)
  A kobold (D:1)
  A frilled lizard (D:1)
7 creatures vanquished.

Notes
Turn   | Place    | Note
-------+----------+-------------------------------------------
     0 | D:1      | EnegeticOcto the Deep Dwarf Fighter began the quest for the
                  | Orb.
     0 | D:1      | Reached XP level 1. HP: 20/20 MP: 1/1
   160 | D:2      | Noticed an orc wizard
   175 | D:2      | Reached XP level 2. HP: 22/27 MP: 2/2
   203 | D:2      | Killed from afar by an orc wizard

Levels and vault maps discovered:
D:1:      ncdulo_watergridlock, layout_loops_ring, okawaru_ov_weapons_minmay
D:2:      layout_basic, minmay_misc_feat_columns, lemuel_another_geyser

Skill      XL: |  1  2 |
---------------+-------+-----
Fighting       | 3 |  3.0
Axes           | |  2.6
Armour         | |  3.4
Dodging        | |  0.6
Shields        | |  3.4

Action                   || total
-------------------------++-------
Melee: War axe           ||    67
 Abil: Heal Wounds       ||     1
Armor: Scale mail        ||    33
Dodge: Dodged            ||    14
Block: Kite shield       ||    33

Table legend:
 A = Non-vault XP
 B = Vault XP
 C = Vault XP percentage of total XP
 D = Non-vault monster count
 E = Vault monster count
 F = Vault count percentage of total count
                 A         B        C        D         E       F
            +---------+---------+-------+---------+---------+-------
      Total |      26 |       0 |   0.0 |       7 |       0 |   0.0
            +---------+---------+-------+---------+---------+-------
        D:1 |       7 |       0 |   0.0 |       4 |       0 |   0.0
        D:2 |      19 |       0 |   0.0 |       3 |       0 |   0.0
            +---------+---------+-------+---------+---------+-------
